 Dungeon Crawl Stone Soup version 0.22-a0-848-ge9e22a0 (webtiles) character file.

2029465 kuniqs the Talismancer (level 27, 294/294 (298) HPs)
             Began as a Deep Dwarf Fighter on July 26, 2018.
             Was the Champion of Makhleb.
             Escaped with the Orb
             ... and 3 runes on July 27, 2018!
             The game lasted 02:02:15 (51487 turns).

kuniqs the Talismancer (Deep Dwarf Fighter)        Turns: 51487, Time: 02:02:16

HP:   294/294 (298) AC: 53    Str: 31    XL:     27
MP:   31/31         EV: 17    Int: 13    God:    Makhleb [******]
Gold: 2697          SH: 35    Dex: 27    Spells: 26/26 levels left

rFire    + + .     SeeInvis .   g - +7 broad axe of the Onslaught {vamp, rElec Dex+6}
rCold    + + +     Gourm    .   T - +1 large shield {AC+3}
rNeg     + + .     Faith    .   L - +12 crystal plate armour {rC+}
rPois    +         Spirit   .   b - -2 hat of the Alchemist {rElec rPois rF+ rC+ rN+ MR+ rMut rCorr}
rElec    +         Reflect  +   P - +0 cloak {rF+}
rCorr    +         Harm     .   a - +2 pair of gloves {Dex+3}
rMut     +                      A - +2 pair of boots of the Assassin {Detection Stab+ Stlth++}
MR       +++++                  G - brooch of Shielding {Reflect SH+8}
Stlth    ..........             z - ring "Odolony" {rC+ Dex+4 Slay+5}
HPRegen  0.00/turn              j - ring of Okezal {Dex+2 Slay+4}
MPRegen  0.22/turn

@: non-regenerating
A: damage resistance, heal wounds, hooves 1, slimy green scales 1, clever 1,
negative energy resistance 1, sense surroundings 3, MP-powered wands, no
regeneration
0: Orb of Zot
}: 3/15 runes: decaying, serpentine, silver
a: Heal Wounds, Minor Destruction, Lesser Servant of Makhleb, Major Destruction,
Greater Servant of Makhleb, Renounce Religion


You escaped.
You worshipped Makhleb.
Makhleb was exalted by your worship.
You were full.

You visited 9 branches of the dungeon, and saw 49 of its levels.
You visited 1 bazaar.
You also visited: Labyrinth, Ice Cave, Volcano and Wizlab.

You collected 8395 gold pieces.
You spent 5698 gold pieces at shops.

Inventory:

Hand Weapons
 g - the +7 broad axe of the Onslaught (weapon) {vamp, rElec Dex+6}
   (You bought it in a shop in a bazaar)

   It inflicts no extra harm, but heals its wielder when it wounds a living foe.
   It affects your dexterity (+6).
   It insulates you from electricity.
Missiles
 X - 4 throwing nets (quivered)
Armour
 a - a +2 pair of gloves of dexterity (worn)
 b - the -2 hat of the Alchemist (worn) {rElec rPois rF+ rC+ rN+ MR+ rMut rCorr}
   (You acquired it on level 5 of the Depths)

   It protects you from fire.
   It protects you from cold.
   It insulates you from electricity.
   It protects you from poison.
   It protects you from negative energy.
   It affects your resistance to hostile enchantments.
   It provides partial protection from all sources of acid and corrosion.
   It protects you from mutation.
 A - the +2 pair of boots of the Assassin (worn) {Detection Stab+ Stlth++}
   (You found it in an ice cave)

   It makes you much more stealthy.
 L - a +12 crystal plate armour of cold resistance (worn)
 P - a +0 cloak of fire resistance (worn)
 T - a +1 large shield of protection (worn)
Jewellery
 j - the ring of Okezal (right hand) {Dex+2 Slay+4}
   (You found it on level 3 of the Elven Halls)

   [ring of slaying]

   It affects your dexterity (+2).
   It affects your accuracy and damage with ranged weapons and melee attacks
   (+4).
 z - the ring "Odolony" (left hand) {rC+ Dex+4 Slay+5}
   (You bought it in a shop on level 1 of the Vaults)

   [ring of protection from cold]

   It affects your dexterity (+4).
   It affects your accuracy and damage with ranged weapons and melee attacks
   (+5).
   It protects you from cold.
 G - the brooch of Shielding (around neck) {Reflect SH+8}
   (You found it on level 3 of the Elven Halls)

   [amulet of reflection]

   It shields you and reflects attacks.
   It affects your SH (+8).
Wands
 h - a wand of random effects (36)
 w - a wand of scattershot (22)
 C - a wand of polymorph (59)
 I - a wand of digging (17)
 N - a wand of acid (23)
 O - a wand of enslavement (58)
 Q - a wand of disintegration (1)
 R - a wand of flame (61)
 W - a wand of paralysis (46)
 Z - a wand of clouds (6)
Scrolls
 i - 3 scrolls of summoning
 l - 10 scrolls of blinking
 m - 35 scrolls of teleportation
 n - a scroll of vulnerability
 o - 3 scrolls of magic mapping
 p - 3 scrolls of fog
 t - 4 scrolls of holy word
 u - a scroll of enchant armour
 y - 35 scrolls of remove curse {@r2}
 D - 4 scrolls of immolation
 H - 3 scrolls of silence
 K - 7 scrolls of fear
 V - 9 scrolls of identify {@r1}
Potions
 d - 5 potions of might
 e - 10 potions of lignification
 k - 14 potions of heal wounds
 r - 16 potions of curing {@q1}
 s - 8 potions of resistance
 x - 7 potions of haste
 B - 2 potions of cancellation
 F - 5 potions of mutation
 M - 7 potions of agility
Miscellaneous
 c - 4 boxes of beasts
 q - a lamp of fire
 v - a sack of spiders
 E - a lightning rod (4/4)
 S - a fan of gales
 Y - 2 phantom mirrors
Comestibles
 f - 84 rations


   Skills:
 O Level 27 Fighting
 - Level 18.0 Axes
 - Level 22.0 Armour
 + Level 12.9 Dodging
 - Level 20.0 Shields
 - Level 8.0 Invocations
 O Level 27 Evocations


You had 26 spell levels left.
You didn't know any spells.
Your spell library was empty.

Dungeon Overview and Level Annotations

Branches:
Dungeon (15/15)            Temple (0/1) D:7            Lair (6/6) D:9
  Swamp (4/4) Lair:2        Snake (4/4) Lair:3          Orc (2/2) D:11
    Elf (3/3) Orc:2        Vaults (5/5) D:13          Crypt (0/3) Vaults:3
 Depths (5/5) D:15            Zot (5/5) Depths:5
  Slime: Lair:5-6

Altars:
Gozag
Kikubaaqudgha
Makhleb
Nemelex Xobeh
Xom
Yredelemnul
The Shining One
Beogh

Shops:
D:14 %   Orc:2 *=!([   Snake:2 ?   Snake:3 =}=   Vaults:1 =*(=*   Vaults:2 :
Vaults:4 [   Vaults:5 (   Depths:1 *

Portals:
Hell: Depths:1 Depths:2 Depths:3 Depths:4 Depths:5
Abyss: Depths:2 Depths:4
Pandemonium: Depths:1 Depths:3
Ziggurat: Depths:3
Trove: D:10 (show slimy rune of Zot)

Annotations:
D:10 ORC VAULT
Lair:5 exclusion: oklob plant
Lair:6 exclusion: oklob plant
Swamp:3 1 runed door, Ijutra's ghost, adept MiBe
Elf:2 5 runed doors


Innate Abilities, Weirdness & Mutations

You are resistant to damage.
You can heal yourself by infusing magical energy.
You resist negative energy. (rN+)
You passively map a large area around you.
You do not regenerate.
You have large cloven feet.
You are partially covered in slimy green scales. (AC +2)
Your mind is acute. (Int +2)
You expend magic power (3 MP) to strengthen your wands.


Message History

A sixfirhy comes inta view.
Ye block tha sixfirhy's attack. x2
Ye chop tha sixfirhy inta pieces!!!
Ye block tha sixfirhy's attack.
Yer primal batox beast hits tha sixfirhy.
Tha sixfirhy dies!
Makhleb accepts yer kill.
Nay target in view!
Nay target in view!
(D) Dungeon (T) Temple (L) Lair (S) Swamp (P) Snake Pit (O) Orcish Mines (E) Elv'n Halls (V) Vaults (C) Crypt (U) Depths (H) Hell (Z) Zot Where ta? (Enter - D:1, ? - help) Thin's tha be 'ere: 2 stones; a dagger Thar be a stone staircase leadin' up 'ere.
Ye see 'ere 2 stones.
Ye climb upwards.
Yer summon'd 'lly be left behind.
Thar be a stone staircase leadin' down 'ere.
Thar be a staircase leadin' outta tha dungeon 'ere.
Ye haf 'scaped!

#..........## ##..........#
#.####..[...## ##......####.#
#..# ##......## ##......## #..#
##.## ##......## ##......## ##.##
.#..## ##......###......## ##..#.
.##..## ##......#......## ##..##.
..##..## ##...........## ##..##..
#..##..## ##.........## ##..##..#
##..##..#####...@...#####..##..##
.##..##...####.....####...##..###
.###..###...###...###...###......
.#
##...###...........###......รท.
.# ###...#############...#......
.# ###...............###...... .#
#####.###...##### #...... .# #.#
#...# #...... .# #.# #...#
#......


There were no monsters in sight!

Vanquished Creatures
  A seraph (Depths:5)
  5 ancient liches
  8 orbs of fire
  Mara (Vaults:5)
  2 juggernauts (Depths:2)
  the Lernaean hydra (Swamp:4)
  Margery (Depths:4)
  A caustic shrike (Depths:4)
  2 Killer Klowns
  Nikola (Vaults:1)
  15 golden dragons
  A Hellbinder (WizLab)
  2 electric golems (Zot:5)
  An Ice Fiend (D:12)
  14 tentacled monstrosities
  24 Orb Guardians
  8 quicksilver dragons
  3 deep elf blademasters (Elf:3)
  4 liches (Zot:1)
  3 titans
  10 death cobs
  A deep elf master archer (Elf:3)
  Frances (Elf:1)
  An Executioner (D:5)
  6 sphinxes
  2 thorn hunters (Swamp:3)
  15 storm dragons
  Kirke (Swamp:1)
  The ghost of eyesofgods1 the Warrior, an adept DsFi of Uskayaw (Swamp:2)
  18 shadow dragons
  7 draconian monks
  Donald (Elf:3)
  2 daevas (Depths:5)
  7 nagarajas
  7 draconian knights
  11 fire giants
  5 tengu reavers
  A frost giant (shapeshifter) (Vaults:5)
  11 vault wardens
  3 iron dragons
  14 frost giants
  4 ghost moths
  An orc warlord (D:11)
  2 balrugs (WizLab)
  2 black suns
  10 deep elf sorcerers
  Aizul (Snake:4)
  Louise (D:15)
  2 angels
  8 draconian scorchers
  6 deep elf elementalists
  A warmonger (D:13)
  3 draconian stormcallers (Zot:2)
  4 spriggan defenders
  19 very ugly things
  A reaper (D:13)
  7 draconian annihilators
  19 stone giants
  6 draconian shifters
  2 war gargoyles
  2 entropy weavers
  16 ironheart preservers
  4 vampire knights
  14 green draconians
  10 deep elf annihilators
  9 black draconians
  7 deep elf demonologists
  14 white draconians
  3 lorocyprocas
  11 purple draconians
  8 spark wasps
  A minotaur (Lab)
  15 red draconians
  A dire elephant (D:15)
  17 yellow draconians
  21 ettins
  A crystal guardian (Vaults:5)
  6 deep elf high priests
  10 deep elf death magi
  2 green deaths (WizLab)
  Josephine (D:12)
  3 blizzard demons
  12 yaktaur captains
  18 fire dragons
  8 great orbs of eyes
  Fannar (D:12)
  15 ogre magi
  4 rakshasas
  10 naga warriors
  22 hydras
  16 ice dragons
  34 vault guards
  2 monstrous demonspawn
  4 ghost crabs
  A hell beast (WizLab)
  45 two-headed ogres
  A catoblepas (D:14)
  Erica (D:10)
  4 spriggan air magi
  8 alligators
  2 vampire magi
  8 centaur warriors
  11 anacondas
  9 deep troll shamans
  7 tengu warriors
  18 dancing weapons
  11 deep troll earth magi
  5 death yaks
  5 orc high priests
  A shock serpent (shapeshifter) (Vaults:3)
  20 deep elf knights
  8 spriggan berserkers
  6 shock serpents
  A storm dragon zombie (Vaults:5)
  2 soul eaters
  11 naga sharpshooters
  2 sun demons
  4 iron trolls
  10 hell knights
  2 sixfirhies
  2 salamander mystics
  5 large abominations (Elf:3)
  A death drake (shapeshifter) (Depths:4)
  2 swamp dragons (shapeshifter)
  4 shadow wraiths
  A glowing orange brain (shapeshifter) (Vaults:4)
  7 unseen horrors
  25 deep trolls
  10 deep elf archers
  2 gelid demonspawn
  7 wizards
  11 swamp dragons
  2 glowing orange brains
  An infernal demonspawn (Depths:1)
  A spriggan druid (Swamp:2)
  4 shambling mangroves
  19 ironbrand convokers
  8 flayed ghosts
  22 necromancers
  A golden dragon skeleton (Depths:2)
  8 naga ritualists
  48 deep elf magi
  6 phantasmal warriors
  18 orc knights
  A lindwurm (Lair:6)
  6 orc sorcerers
  45 ugly things
  5 mana vipers
  2 wolf spiders
  A wolf spider (shapeshifter) (Vaults:5)
  A shadow dragon skeleton (Vaults:3)
  A mana viper (shapeshifter) (Vaults:5)
  4 cyclopes
  A manticore (shapeshifter) (Vaults:1)
  An orb spider (shapeshifter) (Vaults:4)
  2 stone giant zombies
  An elephant (shapeshifter) (Vaults:4)
  27 moths of wrath
  18 salamanders
  A fire giant skeleton (Depths:2)
  A guardian serpent (shapeshifter) (Depths:1)
  A manticore (D:14)
  4 elephants
  4 rust devils
  A frost giant skeleton (Vaults:5)
  4 guardian serpents
  2 ice statues (IceCv)
  19 vault sentinels
  15 naga magi
  4 smoke demons
  36 black mambas
  A yaktaur zombie (Vaults:1)
  An orange demon (WizLab)
  An eye of devastation (Vaults:4)
  A gargoyle (Lab)
  6 torpor snails
  2 rime drakes (shapeshifter)
  16 spiny frogs
  A kobold demonologist (D:12)
  2 freezing wraiths
  49 yaktaurs
  A spriggan zombie (Depths:2)
  2 tengu conjurers
  2 komodo dragons (Lair:4)
  2 minotaur skeletons (Lab)
  2 tormentors
  4 red devils (WizLab)
  2 yaktaur skeletons (Vaults:4)
  4 hellwings (WizLab)
  6 human skeletons
  16 ice devils
  A queen bee (D:9)
  2 jumping spiders
  A polar bear (Lair:4)
  7 trolls
  A queen bee (shapeshifter) (Depths:4)
  19 tyrant leeches
  37 hornets
  12 blink frogs
  A hornet (shapeshifter) (Vaults:1)
  26 slime creatures
  5 hippogriffs
  A blink frog (shapeshifter) (Vaults:1)
  3 bog bodies
  A tarantella (Vaults:4)
  4 redbacks
  15 water elementals
  13 spriggans
  A vampire (D:13)
  3 wyverns
  An ettin skeleton (Vaults:4)
  3 hogs (Swamp:1)
  A basilisk (Lair:1)
  2 air elementals
  8 wraiths
  76 yaks
  4 shadows
  A fire elemental (Elf:1)
  A human (shapeshifter) (Depths:2)
  A basilisk (shapeshifter) (Vaults:4)
  5 chaos spawn
  Grum (D:9)
  11 vampire mosquitoes
  6 hungry ghosts
  2 neqoxecs
  16 swamp worms
  Menkaure (D:7)
  5 insubstantial wisps (Swamp:4)
  A deep troll zombie (Vaults:5)
  64 nagas
  2 soldier ants
  6 wargs
  An acid dragon (shapeshifter) (Vaults:1)
  3 acid dragons
  8 water moccasins
  A water moccasin (shapeshifter) (Depths:4)
  Duvessa (D:6)
  A floating eye (Depths:4)
  52 orc warriors
  5 porcupines
  A swamp drake (shapeshifter) (Vaults:5)
  8 ice beasts
  14 swamp drakes
  A sky beast (D:10)
  A black bear (shapeshifter) (Vaults:3)
  A black bear (D:10)
  5 eyes of draining
  2 phantoms
  3 wolves (D:9)
  38 boggarts
  4 elf zombies
  2 necrophages
  An eye of draining (shapeshifter) (Vaults:3)
  A tengu (shapeshifter) (Depths:5)
  44 ogres
  A centaur (shapeshifter) (Vaults:5)
  7 centaurs
  8 crocodiles
  17 bullfrogs
  2 big kobolds
  2 human zombies (Vaults:1)
  2 wyvern zombies
  Dowan (D:6)
  5 earth elementals
  4 scorpions
  22 killer bees (D:9)
  A wyvern skeleton (D:9)
  14 howler monkeys
  8 crimson imps
  2 quasits
  A human simulacrum (Vaults:2)
  2 jellies
  2 bullfrog zombies
  5 centaur zombies
  5 hounds
  19 orc priests
  2 bullfrog skeletons
  8 centaur skeletons
  6 iguanas
  23 orc wizards
  7 worker ants
  2 hound zombies (D:5)
  A hound skeleton (D:6)
  2 worker ant zombies (D:10)
  Robin (D:3)
  A howler monkey zombie (D:8)
  14 adders
  A gnoll (D:1)
  3 shadow imps
  7 white imps (IceCv)
  8 ufetubi
  An ooze (D:5)
  An ooze (shapeshifter) (Depths:4)
  2 adder skeletons
  5 worms
  3 dart slugs
  A leopard gecko (shapeshifter) (Vaults:2)
  5 leopard geckos
  79 orcs
  9 bats
  3 giant cockroaches
  19 goblins
  6 hobgoblins
  17 jackals
  11 kobolds
  4 quokkas
  2 frilled lizards
  A jackal zombie (D:5)
  A leopard gecko skeleton (D:4)
  3 rats
  14 butterflies (Elf:1)
  3 crawling corpses (Elf:3)
  3 plants
2369 creatures vanquished.

Vanquished Creatures (collateral kills)
  A pandemonium lord (D:2)
  A sixfirhy (D:2)
  A rust devil (D:2)
  A large abomination (D:2)
  A small abomination (D:2)
5 creatures vanquished.

Vanquished Creatures (others)
  A deep elf master archer (Elf:3)
  A draconian knight (Zot:3)
  A draconian annihilator (Zot:4)
  3 stone giants
  A green draconian (Zot:2)
  A white draconian (Zot:3)
  A hydra (Swamp:4)
  4 yaktaur captains
  A catoblepas (Vaults:4)
  A centaur warrior (D:13)
  An ogre mage (Vaults:1)
  4 two-headed ogres
  5 naga sharpshooters
  5 deep elf archers
  A spriggan druid (Swamp:4)
  An ironbrand convoker (Vaults:1)
  2 ugly things (Vaults:1)
  3 cyclopes
  A deep elf mage (Vaults:1)
  2 moths of wrath (Zot:5)
  A naga mage (Snake:4)
  23 yaktaurs
  2 hornets (Swamp:4)
  A bog body (Swamp:3)
  A spriggan (Swamp:4)
  A naga (Snake:1)
  3 humans
  An ogre (Vaults:1)
  2 centaurs
  3 white imps (IceCv)
  2 ufetubi (IceCv)
  A ball lightning (Zot:4)
  An orc (Orc:1)
  11 fungi
  30 plants
  A withered plant (Swamp:3)
124 creatures vanquished.

Grand Total: 2498 creatures vanquished

Notes
Turn   | Place    | Note
-------+----------+-------------------------------------------
     0 | D:1      | kuniqs the Deep Dwarf Fighter began the quest for the Orb.
     0 | D:1      | Reached XP level 1. HP: 20/20 MP: 1/1
    90 | D:1      | Reached XP level 2. HP: 27/27 MP: 2/2
   501 | D:1      | Reached skill level 1 in Dodging
   772 | D:2      | Reached XP level 3. HP: 28/33 MP: 3/3
  1056 | D:2      | Reached XP level 4. HP: 27/42 MP: 4/4
  1240 | D:3      | Noticed an ice beast
  1242 | D:3      | Noticed Robin
  1468 | D:3      | Found a glowing golden altar of the Shining One.
  1485 | D:3      | Found a sparkling altar of Nemelex Xobeh.
  1572 | D:3      | Killed an ice beast
  1572 | D:3      | Reached skill level 1 in Evocations
  1572 | D:3      | Reached XP level 5. HP: 39/49 MP: 3/5
  1601 | D:3      | Killed Robin
  2021 | D:4      | Reached XP level 6. HP: 40/56 MP: 6/6
  2036 | D:4      | Found an ancient bone altar of Kikubaaqudgha.
  2036 | D:4      | Noticed a human
  2078 | D:4      | Killed a human
  2577 | D:5      | Entered Level 5 of the Dungeon
  3002 | D:5      | Noticed an ice beast
  3012 | D:5      | Killed an ice beast
  3012 | D:5      | Reached XP level 7. HP: 51/64 MP: 6/8
  3346 | D:6      | Noticed Duvessa
  3346 | D:6      | Noticed Dowan
  3387 | D:6      | Killed Duvessa
  3387 | D:6      | Reached skill level 5 in Armour
  3387 | D:6      | Reached skill level 5 in Shields
  3388 | D:6      | Killed Dowan
  3468 | D:6      | Reached XP level 8. HP: 63/73 MP: 8/10
  3595 | D:6      | Reached skill level 5 in Axes
  4074 | D:7      | Reached skill level 5 in Fighting
  4074 | D:7      | Reached skill level 5 in Evocations
  4103 | D:7      | Found a burning altar of Makhleb.
  4110 | D:7      | Became a worshipper of Makhleb the Destroyer
  4118 | D:7      | Reached skill level 5 in Dodging
  4141 | D:7      | Found a staircase to the Ecumenical Temple.
  4267 | D:7      | Noticed Menkaure
  4271 | D:7      | Killed Menkaure
  4271 | D:7      | Reached skill level 1 in Invocations
  4271 | D:7      | Gained mutation: You passively map the area around you. [Deep Dwarf growth]
  4271 | D:7      | Reached XP level 9. HP: 58/81 MP: 10/10
  5270 | D:8      | Noticed a two-headed ogre
  5271 | D:8      | Killed a two-headed ogre
  6118 | D:9      | Reached * piety under Makhleb
  6129 | D:9      | Reached XP level 10. HP: 91/91 MP: 11/11
  6271 | D:9      | Found a staircase to the Lair.
  6287 | D:9      | Noticed an elephant
  6313 | D:9      | Killed an elephant
  6378 | D:9      | Reached skill level 5 in Invocations
  6455 | D:9      | Noticed Grum
  6468 | D:9      | Killed Grum
  7092 | D:10     | Entered Level 10 of the Dungeon
  7200 | D:10     | Reached ** piety under Makhleb
  7347 | D:10     | Noticed Erica
  7353 | D:10     | Killed Erica
  7353 | D:10     | Reached XP level 11. HP: 77/99 MP: 10/10
  7452 | D:10     | Found a portal to a secret trove of treasure.
  8217 | D:11     | Reached *** piety under Makhleb
  8225 | D:11     | Noticed a white ugly thing
  8240 | D:11     | Killed a white ugly thing
  8271 | D:11     | Noticed a two-headed ogre
  8279 | D:11     | Killed a two-headed ogre
  8283 | D:11     | Found a labyrinth entrance.
  8309 | Lab      | Entered a labyrinth
  8575 | Lab      | Noticed a minotaur
  8581 | Lab      | Killed a minotaur
  8588 | Lab      | Found the +8 lance "Wyrmbane" {slay drac, rPois rF+ rC+ AC+3}
  8814 | D:11     | Killed an unseen horror
  9038 | D:11     | Found a staircase to the Orcish Mines.
  9154 | D:11     | Reached XP level 12. HP: 110/110 MP: 11/11
  9312 | Lair:1   | Entered Level 1 of the Lair of Beasts
  9337 | Lair:1   | Found a transporter.
  9339 | Lair:1   | Found a dark tunnel.
  9351 | Volcano  | Entered a volcano
  9400 | Volcano  | Found a burning altar of Makhleb.
  9440 | Volcano  | Noticed a red draconian
  9463 | Volcano  | Killed a red draconian
  9463 | Volcano  | Reached **** piety under Makhleb
  9510 | Volcano  | Reached skill level 10 in Evocations
  9633 | Lair:1   | Found a transporter.
  9677 | Lair:1   | Got a scorched war axe
  9700 | Lair:1   | Identified the +1 war axe of Quvaweig {flame, +Fly} (You found it on level 1 of the Lair of Beasts)
  9966 | Lair:1   | Found an opulent altar of Gozag.
 10239 | Lair:1   | Reached skill level 10 in Armour
 10239 | Lair:1   | Reached skill level 10 in Shields
 10986 | Lair:2   | Found a staircase to the Swamp.
 11278 | Lair:3   | Found a staircase to the Snake Pit.
 11477 | Lair:3   | Noticed a five-headed hydra
 11496 | Lair:3   | Killed a five-headed hydra
 11496 | Lair:3   | Reached XP level 13. HP: 118/118 MP: 13/13
 11584 | Lair:3   | Reached skill level 10 in Axes
 12196 | Lair:4   | Reached ***** piety under Makhleb
 12196 | Lair:4   | Reached skill level 10 in Dodging
 12416 | Lair:4   | Found a basalt altar of Yredelemnul.
 14175 | Lair:6   | Entered Level 6 of the Lair of Beasts
 14406 | Lair:6   | Gained mutation: You resist negative energy. (rN+) [Deep Dwarf growth]
 14406 | Lair:6   | Reached XP level 14. HP: 130/130 MP: 15/15
 14736 | Lair:6   | Found a sparkling altar of Nemelex Xobeh.
 14960 | Lair:6   | Identified a scroll of acquirement
 15147 | Lair:6   | Found a runed door.
 15161 | Lair:6   | Reached skill level 10 in Fighting
 15937 | D:12     | Noticed Josephine
 15954 | D:12     | Killed Josephine
 16180 | D:12     | Found a sparkling altar of Nemelex Xobeh.
 16319 | D:12     | Reached ****** piety under Makhleb
 16324 | D:12     | Noticed Fannar
 16346 | D:12     | Killed Fannar
 17012 | D:13     | Got a shimmering chain mail
 17013 | D:13     | Identified the +6 chain mail of the Nexus {rN+ rCorr} (You found it on level 13 of the Dungeon)
 17436 | D:13     | Found a gate to the Vaults.
 17916 | D:14     | Reached XP level 15. HP: 140/140 MP: 17/17
 18006 | D:14     | Found Tychy's Food Shop.
 18053 | D:14     | Found the +0 Maxwell's etheric cage {RegenMP+ *Contam rElec MP+4}
 18489 | D:15     | Entered Level 15 of the Dungeon
 18661 | D:15     | Noticed Louise
 18679 | D:15     | Killed Louise
 18807 | D:15     | Found a staircase to the Depths.
 19829 | Orc:1    | Entered Level 1 of the Orcish Mines
 19839 | Orc:1    | Noticed an orc warlord
 19859 | D:11     | Killed an orc warlord
 20077 | Orc:1    | Found a shimmering altar of Xom.
 20248 | Orc:2    | Entered Level 2 of the Orcish Mines
 20438 | Orc:2    | Found a staircase to the Elven Halls.
 20591 | Orc:2    | Found a roughly hewn altar of Beogh.
 20979 | Orc:2    | Found Erakam's Distillery.
 20979 | Orc:2    | Found Daiv's Jewellery Shoppe.
 20995 | Orc:2    | Found Benaerch's Antique Armour Boutique.
 20995 | Orc:2    | Found Beutt's Weapon Shoppe.
 21002 | Orc:2    | Bought a potion of cancellation for 144 gold pieces
 21004 | Orc:2    | Bought a twisted chain mail for 275 gold pieces
 21007 | Orc:2    | Bought a +6 amulet of reflection for 877 gold pieces
 21111 | Orc:2    | Found Cawy's General Store.
 21123 | Orc:2    | Bought a potion of mutation for 120 gold pieces
 21335 | Snake:1  | Entered Level 1 of the Snake Pit
 21608 | Snake:1  | Reached skill level 15 in Evocations
 21624 | Snake:1  | Reached XP level 16. HP: 148/152 MP: 19/19
 21826 | Snake:1  | Found a frozen archway.
 21841 | IceCv    | Entered an ice cave
 21939 | IceCv    | Found the +2 pair of boots of the Assassin {Detection Stab+ Stlth++}
 22931 | Snake:2  | Found Dueteemp's Magic Scroll Shoppe.
 22945 | Snake:2  | Bought a scroll of acquirement for 884 gold pieces
 22945 | Snake:2  | Bought a scroll of identify for 34 gold pieces
 22945 | Snake:2  | Bought a scroll of holy word for 127 gold pieces
 22945 | Snake:2  | Identified the +3 chain mail of the Skies Above {+Blink Int+4 Dex+8 Slay+5} (You bought it in a shop on level 2 of the Orcish Mines)
 24111 | Snake:3  | Found Awuff's Jewellery Shop.
 24111 | Snake:3  | Found Ahak's Gadget Emporium.
 24112 | Snake:3  | Found Rewemoown's Jewellery Shop.
 24119 | Snake:3  | Bought a sack of spiders for 200 gold pieces
 24135 | Snake:4  | Entered Level 4 of the Snake Pit
 24478 | Snake:4  | Reached XP level 17. HP: 162/162 MP: 21/21
 24900 | Snake:4  | Got a serpentine rune of Zot
 25029 | Snake:4  | Noticed Aizul
 25073 | Snake:4  | Killed Aizul
 25261 | Snake:4  | Reached skill level 15 in Armour
 25691 | Swamp:1  | Entered Level 1 of the Swamp
 25712 | Swamp:1  | Noticed Kirke
 25733 | Swamp:1  | Killed Kirke
 25864 | Swamp:1  | Reached skill level 15 in Shields
 26714 | Swamp:2  | Noticed eyesofgods1's ghost (adept DsFi)
 26729 | Swamp:2  | Found a runed gate.
 26729 | Swamp:2  | Found a runed gate.
 26729 | Swamp:2  | Found a runed gate.
 26831 | Swamp:2  | Killed eyesofgods1's ghost
 26970 | Swamp:2  | Reached skill level 15 in Axes
 28161 | Swamp:3  | Found a runed door.
 28161 | Swamp:3  | Noticed Ijutra's ghost (adept MiBe)
 28189 | Swamp:4  | Entered Level 4 of the Swamp
 28507 | Swamp:4  | Gained mutation: You passively map a large area around you. [Deep Dwarf growth]
 28507 | Swamp:4  | Reached XP level 18. HP: 171/171 MP: 22/22
 28613 | Swamp:4  | Noticed the 27-headed Lernaean hydra
 28627 | Swamp:4  | Killed the 27-headed Lernaean hydra
 29287 | Swamp:4  | Got a decaying rune of Zot
 29656 | Vaults:1 | Entered Level 1 of the Vaults
 29765 | Vaults:1 | Noticed Nikola
 29855 | Vaults:1 | Killed Nikola
 29932 | Vaults:1 | Found Duedeo's General Store.
 30411 | Vaults:1 | Found Zuociv's Jewellery Boutique.
 30415 | Vaults:1 | Bought the ring "Odolony" {rC+ Dex+4 Slay+5} for 921 gold pieces
 30427 | Vaults:1 | Found Plog's Antique Weapon Boutique.
 30808 | Vaults:1 | Found Omumeg's Jewellery Emporium.
 30823 | Vaults:1 | Reached XP level 19. HP: 182/182 MP: 24/24
 30937 | Vaults:1 | Found Laywuw's Assorted Antiques.
 31279 | Vaults:2 | Found a glowing golden altar of the Shining One.
 31476 | Vaults:2 | Found a magical portal.
 31499 | WizLab   | Entered The Hall of the Hellbinder
 31675 | WizLab   | Found a burning altar of Makhleb.
 31753 | WizLab   | Noticed Netukkoh
 31772 | WizLab   | Noticed a Tzitzimitl
 31782 | WizLab   | Killed Netukkoh the Hellbinder
 31791 | WizLab   | Identified the Reference Book on Creation
 31797 | WizLab   | Identified the ring of Attitude {rCorr rN+++ Str-5 Dex+6 Stlth-} (You found it in a wizard's laboratory)
 31855 | WizLab   | Identified Sif Muna's Compendium of the Escort
 32162 | Vaults:2 | Found Apuosura's Book Shop.
 33159 | Vaults:3 | Found a flickering gateway to a bazaar.
 33165 | Bazaar   | Entered a bazaar
 33167 | Bazaar   | Found Qobrial's Armour Boutique.
 33171 | Bazaar   | Found Nicsy's Weapon Boutique.
 33171 | Bazaar   | Found Riuhorum's Book Boutique.
 33172 | Bazaar   | Found Mongod's Antique Weapon Boutique.
 33187 | Bazaar   | Bought a warped broad axe for 261 gold pieces
 33229 | Vaults:3 | Found a staircase to the Crypt.
 33229 | Vaults:3 | Found a basalt altar of Yredelemnul.
 33230 | Vaults:3 | Found an ancient bone altar of Kikubaaqudgha.
 33287 | Vaults:3 | Identified the +7 broad axe of the Onslaught {vamp, rElec Dex+6} (You bought it in a shop in a bazaar)
 33467 | Vaults:3 | Reached XP level 20. HP: 192/192 MP: 24/24
 33951 | Vaults:3 | Reached skill level 15 in Fighting
 35361 | Vaults:4 | Reached XP level 21. HP: 184/202 MP: 26/26
 35432 | Vaults:4 | Found Keutan's Armour Shop.
 35715 | Vaults:5 | Entered Level 5 of the Vaults
 36202 | Vaults:5 | Found Paecimn's Weapon Shop.
 36239 | Vaults:5 | Noticed Mara
 36249 | Vaults:5 | Killed Mara
 36535 | Vaults:5 | Noticed a golden dragon
 36546 | Vaults:5 | Killed a golden dragon
 36546 | Vaults:5 | Reached XP level 22. HP: 214/214 MP: 27/27
 36774 | Vaults:5 | Got a silver rune of Zot
 36820 | Vaults:5 | Noticed a golden dragon
 36837 | Vaults:5 | Killed a golden dragon
 37085 | Vaults:5 | Got a fine glass ring
 37086 | Vaults:5 | Identified the ring of Linearity {Wiz rF+} (You found it on level 5 of the Vaults)
 37577 | Vaults:1 | Bought the ring of Law {rPois rC+ AC+6 Str-4 Dex+4} for 1443 gold pieces
 37736 | Elf:1    | Entered Level 1 of the Elven Halls
 37846 | Elf:1    | Found an ancient bone altar of Kikubaaqudgha.
 37959 | Elf:1    | Noticed Frances
 37971 | Elf:1    | Killed Frances
 38372 | Elf:1    | Found a huge runed gate.
 38374 | Elf:1    | Found a huge runed gate.
 38374 | Elf:1    | Found a huge runed gate.
 38375 | Elf:1    | Found a huge runed gate.
 38376 | Elf:1    | Found a huge runed gate.
 38376 | Elf:1    | Found a huge runed gate.
 38376 | Elf:1    | Found a huge runed gate.
 38386 | Elf:1    | Found a huge runed gate.
 38386 | Elf:1    | Found a huge runed gate.
 38395 | Elf:1    | Found a huge runed gate.
 38395 | Elf:1    | Found a huge runed gate.
 38397 | Elf:1    | Found a huge runed gate.
 38397 | Elf:1    | Found a huge runed gate.
 38397 | Elf:1    | Found a huge runed gate.
 38397 | Elf:1    | Found a huge runed gate.
 38397 | Elf:1    | Found a huge runed gate.
 38398 | Elf:1    | Found a huge runed gate.
 38448 | Elf:1    | Found a huge runed gate.
 38449 | Elf:1    | Found a huge runed gate.
 38450 | Elf:1    | Found a huge runed gate.
 39031 | Elf:2    | Found a huge runed gate.
 39031 | Elf:2    | Found a huge runed gate.
 39031 | Elf:2    | Found a huge runed gate.
 39032 | Elf:2    | Found a huge runed gate.
 39033 | Elf:2    | Found a huge runed gate.
 39224 | Elf:3    | Entered Level 3 of the Elven Halls
 39340 | Elf:3    | Noticed Donald
 39377 | Elf:3    | Killed Donald
 39416 | Elf:3    | Found an ancient bone altar of Kikubaaqudgha.
 39798 | Elf:3    | Reached XP level 23. HP: 224/224 MP: 29/29
 40036 | Elf:3    | Found the brooch of Shielding {Reflect SH+8}
 40036 | Elf:3    | Found the +3 salamander hide armour {+Rage rF++}
 40072 | Elf:3    | Identified the Catalogue of Dislocated Transmigration
 40128 | Elf:3    | Got a wavering jade ring
 40129 | Elf:3    | Identified the ring of Okezal {Dex+2 Slay+4} (You found it on level 3 of the Elven Halls)
 40136 | Elf:3    | Got a scorched bone ring
 40137 | Elf:3    | Identified the cursed ring "Reumm" {rC+ Str+6 Dex-2} (You found it on level 3 of the Elven Halls)
 40141 | Elf:3    | Identified the Catalogue of Flying Black Secrets
 40146 | Elf:3    | Identified Zaozaumof's Collected Works on Transformation
 40571 | Depths:1 | Entered Level 1 of the Depths
 41235 | Orc:2    | Bought a runed helmet for 217 gold pieces
 41618 | Depths:1 | Found a one-way gate leading to the halls of Pandemonium.
 41804 | Depths:1 | Found Vyiwamume's Assorted Antiques.
 41817 | Depths:1 | Bought a pair of glowing gloves for 195 gold pieces
 41974 | Depths:1 | Found a gateway to Hell.
 42482 | Depths:2 | Found a one-way gate to the infinite horrors of the Abyss.
 42936 | Depths:2 | Noticed a juggernaut
 42953 | Depths:2 | Killed a juggernaut
 43018 | Depths:2 | Identified the amulet "Qeseel" {RegenMP rPois Str-5 Int+10 Slay-4} (You found it on level 2 of the Depths)
 43105 | Depths:2 | Noticed a juggernaut
 43117 | Depths:2 | Killed a juggernaut
 43582 | Depths:3 | Reached XP level 24. HP: 237/237 MP: 29/29
 43702 | Depths:3 | Found a gateway to a ziggurat.
 44312 | Depths:4 | Noticed Margery
 44333 | Depths:4 | Killed Margery
 44996 | Depths:4 | Identified the +10 great sword of Disembowelment {chaos, Dex+2} (You took it off a vampire knight on level 4 of the Depths)
 45014 | Depths:4 | Identified the +0 cloak "Rarine" {Slay+3} (You acquired it on level 4 of the Depths)
 45181 | Depths:5 | Entered Level 5 of the Depths
 45203 | Depths:5 | Reached XP level 25. HP: 249/249 MP: 30/30
 45492 | Depths:5 | Found a gate to the Realm of Zot.
 45548 | Depths:5 | Found the -2 hat of the Alchemist {rElec rPois rF+ rC+ rN+ MR+ rMut rCorr}
 46046 | Zot:1    | Entered Level 1 of the Realm of Zot
 46434 | Zot:1    | Found the amulet of Vitality {Regen+ HP+15}
 46915 | Zot:1    | Noticed an ancient lich
 46926 | Zot:1    | Killed an ancient lich
 46926 | Zot:1    | Reached skill level 27 in Evocations
 47639 | Zot:3    | Noticed an orb of fire
 47649 | Zot:3    | Reached XP level 26. HP: 266/266 MP: 31/31
 47661 | Zot:3    | Killed an orb of fire
 49360 | Zot:4    | Reached XP level 27. HP: 281/281 MP: 9/31
 49397 | Zot:4    | Noticed an orb of fire
 49410 | Zot:4    | Gained mutation: Scrolls take you a little longer to read. [an orb of fire]
 49415 | Zot:4    | Gained mutation: You tend to lose your temper in combat. [an orb of fire]
 49427 | Zot:4    | Killed an orb of fire
 49549 | Zot:4    | Lost mutation: Scrolls take you a little longer to read. [potion of mutation]
 49549 | Zot:4    | Lost mutation: You tend to lose your temper in combat. [potion of mutation]
 49549 | Zot:4    | Gained mutation: Your body sometimes deteriorates upon taking damage. [potion of mutation]
 49549 | Zot:4    | Gained mutation: You have sharp fingernails. [potion of mutation]
 49549 | Zot:4    | Gained mutation: You are partially covered in slimy green scales. (AC +2) [potion of mutation]
 49781 | Zot:5    | Entered Level 5 of the Realm of Zot
 50145 | Zot:5    | Noticed an ancient lich
 50151 | Zot:5    | Killed an ancient lich
 50207 | Zot:5    | Noticed an orb of fire
 50222 | Zot:5    | Killed an orb of fire
 50234 | Zot:5    | Noticed an orb of fire
 50235 | Zot:5    | Noticed an orb of fire
 50244 | Zot:5    | Killed an orb of fire
 50252 | Zot:5    | Noticed an orb of fire
 50258 | Zot:5    | Gained mutation: Armour fits poorly on your strangely shaped body. [an orb of fire]
 50262 | Zot:5    | Killed an orb of fire
 50271 | Zot:5    | Noticed an orb of fire
 50276 | Zot:5    | Killed an orb of fire
 50287 | Zot:5    | Killed an orb of fire
 50299 | Zot:5    | Noticed an orb of fire
 50309 | Zot:5    | Noticed an ancient lich
 50322 | Zot:5    | Killed an orb of fire
 50331 | Zot:5    | Killed an ancient lich
 50355 | Zot:5    | Lost mutation: Armour fits poorly on your strangely shaped body. [potion of mutation]
 50355 | Zot:5    | Lost mutation: Your body sometimes deteriorates upon taking damage. [potion of mutation]
 50355 | Zot:5    | Gained mutation: Your magical capacity is low. (-10% MP) [potion of mutation]
 50355 | Zot:5    | Gained mutation: You are frail. (-10% HP) [potion of mutation]
 50355 | Zot:5    | Gained mutation: Your spells are a little harder to cast, but a little more powerful. [potion of mutation]
 50356 | Zot:5    | Lost mutation: Your spells are a little harder to cast, but a little more powerful. [potion of mutation]
 50356 | Zot:5    | Lost mutation: You are frail. (-10% HP) [potion of mutation]
 50356 | Zot:5    | Lost mutation: You have sharp fingernails. [potion of mutation]
 50356 | Zot:5    | Lost mutation: Your magical capacity is low. (-10% MP) [potion of mutation]
 50356 | Zot:5    | Gained mutation: You expend magic power (3 MP) to strengthen your wands. [potion of mutation]
 50356 | Zot:5    | Gained mutation: You have large cloven feet. [potion of mutation]
 50356 | Zot:5    | Gained mutation: Your mind is acute. (Int +2) [potion of mutation]
 50609 | Zot:5    | Got the Orb of Zot
 50676 | Zot:5    | Noticed an ancient lich
 50691 | Zot:5    | Killed an ancient lich
 50692 | Zot:5    | Noticed an ancient lich
 50697 | Zot:5    | Killed an ancient lich
 50697 | Zot:5    | Reached skill level 27 in Fighting
 50863 | Depths:5 | Noticed a seraph
 50876 | Depths:5 | Killed a seraph
 51447 | D:2      | Noticed Sycumeg the pandemonium lord
 51454 | D:2      | Killed Sycumeg the pandemonium lord
 51487 | D:$      | Escaped with the Orb!

Vault maps used:
D:1:      dpeg_arrival_central
D:3:      nemelex_xobeh_ov_fountains_minmay, nicolae_tso_carved_into_rock,
          uniq_robin
D:4:      first_ration, tgw_kikubaaqudgha
D:6:      uniq_duvessa
D:7:      minmay_temple_entry_mist, basic_altar, uniq_menkaure
D:9:      cheibrodos_iron_armory, david_lair_generic, david_nohive_1, uniq_grum
D:10:     nicolae_trove_entry_columns, minmay_misc_feat_ornament, uniq_erica
D:11:     orc_0_dummy, lab_entry_generic
D:12:     nemelex_diamond_rough_becter, uniq_fannar, uniq_josephine
D:13:     david_vaults_4
D:14:     minmay_cut_squares, hangedman_abyss_or_decor_slice, serial_shops,
          kennysheep_mini
D:15:     hangedman_depths_entry_try_elsewhere_first, dk_noncrumbling_4,
          uniq_louise
Lair:1:   gammafunk_cloud_chamber, nicolae_volcano_entry_two_sided, basic_altar
Lair:2:   minmay_swamp_entry_worms
Lair:3:   guppyfry_snake_entry_island
Lair:4:   basic_altar, grunt_megastairs_5, lemuel_fruit_tree
Lair:5:   minmay_slime_entry_oklob_enclosed
Lair:6:   wormcave, lemuel_oklob_altar, infiniplex_staircase_pool
Swamp:1:  nicolae_swamp_little_tower, swamp_pool4, uniq_kirke
Swamp:2:  gammafunk_ghost_split, evilmike_swamp_ruin_house_3, swamp_pool4
Swamp:3:  gammafunk_ghost_grave, nicolae_swamp_round_clearing
Swamp:4:  swamp_old_school, swamp_pool1, grunt_witch_cave
Snake:1:  portal_ice_cave_entry_dragon
Snake:2:  serial_shops, shop
Snake:3:  minmay_shop_grove
Snake:4:  minmay_snake_end_coiled, uniq_aizul
Orc:1:    basic_altar
Orc:2:    grunt_orc_tribal_feast, serial_shops, nicolae_shop_crystal,
          basic_altar
Elf:1:    basic_altar, minmay_elf_necromancy, not_door_vault_mu,
          basic_loot_grate_trap, spider_trap, uniq_frances
Elf:3:    minmay_elf_hall_four_x, basic_altar, uniq_donald
Vaults:1: vaults_room_stairs_pillars, vaults_mumra_minichess_inversion,
          vaults_standard_mumra_enter_the_diamond, v_alt_pattern_2,
          hangedman_vaults_hat, hangedman_vaults_snaps,
          nicolae_vaults_fighting_squares, nicolae_vaults_shelves_hall,
          v_misc_5, nicolae_vaults_little_squares_3, serial_shops,
          nicolae_shop_behind_doors, nicolae_shop_waterfront, shop_statue,
          nicolae_shop_stone, nicolae_shop_overgrown_old_shop, uniq_nikola
Vaults:2: hangedman_vaults_slice, hangedman_vaults_trim, special_room_vaults,
          nicolae_vaults_little_squares_5, vaults_standard_mumra_x,
          nicolae_vaults_asterisk, nicolae_vaults_specimen_jars, basic_altar,
          serial_shops, shop, lightli_enter_wizlab_magi_temple
Vaults:3: nicolae_vaults_big_ls, v_misc_15, nicolae_vaults_network_star,
          vaults_room_fancy_cross, minmay_crypt_entry_necro_gods,
          vaults_dpeg_doors, v_alt_pattern_3, v_misc_26,
          ontoclasm_vaults_gateway, v_misc_8,
          hangedman_vaults_stretched_pinwheel, v_misc_31,
          hangedman_vaults_locks, v_misc_4, serial_shops, bzr_entry_safe
Vaults:4: st_greater_box_4, ontoclasm_vaults_loading_screen,
          hangedman_vaults_cutoff, v_misc_2, v_misc_18, v_misc_33,
          v_alt_pattern_1, nicolae_vaults_yaktaur_gun_rack,
          ontoclasm_vaults_chip, serial_shops, shop
Vaults:5: serial_shops, uniq_mara
Depths:1: rand_demon_pan_entry_4, serial_sigils, serial_sigils_hangedman_snap,
          serial_sigils_hangedman_confine, serial_sigils_hangedman_quiver,
          serial_sigils_hangedman_gut, serial_sigils_hangedman_scratch,
          serial_sigils_hangedman_quiver, serial_shops, shop, pf_coc_iceberg,
          grunt_ministairs_9, serial_sigils_hangedman_scar, serial_bayou_shore_b
Depths:2: wad_courtyard, pf_vacation_house_of_asmodeus,
          nicolae_abyss_entry_one_way_or_another, serial_bayou_shore_a
Depths:3: minmay_haunted_quarter, enter_ziggurat_f, hell_entry, pan_entry,
          infiniplex_staircase_pool_1, dk_noncrumbling_2, st_stairs_5
Depths:4: minmay_expanding_circles, abyss_entry, grunt_metal_band,
          dk_noncrumbling_3, patterned_corridor, infiniplex_staircase_river,
          uniq_margery
Depths:5: grunt_zot_entry_gee_three, nicolae_benzene_ring,
          hangedman_tar_grid_catacomb, minivault_11
Zot:1:    lemuel_lich_library, grunt_megastairs_2
Zot:4:    nicolae_zot_stationary_front, nzn_random_ring
Zot:5:    nicolae_zot_crop_circle
Lab:      labyrinth_spiral, nicolae_lab_dead_end, nicolae_lab_blocks,
          nicolae_lab_big_swirl, nicolae_lab_grate, nicolae_lab_garden,
          nicolae_lab_lava, lab_hedge, nicolae_lab_plus
Bazaar:   bazaar_minmay_cross
IceCv:    ice_cave_small_demon
Volcano:  kennysheep_volcano_temple
WizLab:   wizlab_demon

Skill      XL: |  1  2  3  4  5  6  7  8  9 10 11 12 13 14 15 16 17 18 19 20 21 22 23 24 25 26 27 |
---------------+----------------------------------------------------------------------------------+-----
Dodging        | 1 2 3 4 5 6 7 8 9 10 12 | 12.9
Fighting       | 3 4 5 6 7 8 9 10 11 12 13 14 15 16 17 18 19 21 24 27 | 27.0
Axes           | 3 4 5 6 7 8 9 11 12 13 14 15 16 17 18 | 18.0
Shields        | 4 5 6 7 8 9 10 11 12 13 14 15 16 17 18 19 20 | 20.0
Armour         | 4 5 6 7 8 9 10 11 12 13 14 15 16 17 18 19 21 22 | 22.0
Evocations     | 1 2 4 5 6 8 9 10 12 13 15 16 17 18 19 20 21 22 23 25 27 | 27.0
Invocations    | 1 4 6 7 8 |  8.0

Action                   |  1- 3 |  4- 6 |  7- 9 | 10-12 | 13-15 | 16-18 | 19-21 | 22-24 | 25-27 || total
-------------------------+-------+-------+-------+-------+-------+-------+-------+-------+-------++-------
Melee: War axe           |    88 |   199 |   360 |   347 |       |       |       |       |       ||   994
       Scimitar          |       |       |       |   231 |       |       |       |       |       ||   231
       Lance             |       |       |       |   515 |  2028 |  2601 |    65 |       |       ||  5209
       Broad axe         |       |       |       |       |    68 |   158 |  1485 |  1523 |  1668 ||  4902
Throw: Throwing net      |       |       |       |       |       |       |       |       |     1 ||     1
Invok: Minor Destruction |       |       |       |    23 |    10 |       |       |       |       ||    33
 Abil: Heal Wounds       |     2 |     3 |    10 |    17 |       |     4 |    10 |       |       ||    46
Evoke: Wand              |       |     4 |    22 |    14 |    33 |     1 |    11 |    61 |    19 ||   165
       Lightning rod     |       |       |       |     9 |    14 |     8 |     3 |       |       ||    34
       Fan of gales      |       |       |       |       |       |     1 |       |       |       ||     1
       Lamp of fire      |       |       |       |       |       |       |       |     1 |     1 ||     2
       Box of beasts     |       |       |       |       |       |       |       |       |     2 ||     2
  Use: Scroll            |       |     6 |     7 |    11 |    12 |    15 |     4 |    17 |     9 ||    81
       Potion            |       |     1 |     1 |     1 |       |     4 |       |     3 |    16 ||    26
 Stab: Paralysed         |       |       |       |       |    19 |       |     2 |       |     3 ||    24
       Distracted        |       |       |       |       |     1 |     1 |     1 |     1 |     1 ||     5
       Confused          |       |       |       |       |     4 |     1 |       |       |     2 ||     7
       Petrified         |       |       |       |       |       |       |     1 |       |       ||     1
       Held in net/web   |       |       |       |       |       |       |       |       |     1 ||     1
  Eat: Chunk             |     1 |     6 |     4 |    19 |    35 |    23 |    16 |    23 |    18 ||   145
       Ration            |       |       |     3 |     6 |       |     5 |     4 |     2 |     3 ||    23
Armor: Scale mail        |    35 |    79 |       |       |       |       |       |       |       ||   114
       Chain mail        |       |    29 |   124 |   109 |   595 |    74 |       |       |       ||   931
       Skin              |       |       |   107 |     5 |       |       |       |       |     3 ||   115
       Plate armour      |       |       |    51 |   462 |       |       |       |       |       ||   513
       Crystal plate arm |       |       |       |       |       |  1024 |   600 |   511 |   607 ||  2742
Dodge: Dodged            |    37 |    77 |   112 |   386 |   614 |   417 |   270 |   303 |   380 ||  2596
Block: Shield            |    57 |   119 |   231 |   671 |   599 |       |       |       |       ||  1677
       Large shield      |       |       |       |       |   755 |  2956 |  1811 |  1812 |  1840 ||  9174
       Reflection        |       |       |       |       |    60 |   202 |   117 |   130 |    31 ||   540
       Rpst.: Scimitar   |       |       |       |    17 |       |       |       |       |       ||    17

Table legend:
 A = Spawn XP
 B = Non-spawn XP
 C = Spawn XP percentage of total XP
 D = Spawn monster count
 E = Non-spawn monster count
 F = Spawn count percentage of total count
 G = Total turns spent on level
                    A         B        C        D         E        F      G
               +---------+---------+-------+---------+---------+-------+---------
         Total |       0 | 1738518 |   0.0 |       0 |    2387 |   0.0 | 51487
               +---------+---------+-------+---------+---------+-------+---------
           D:1 |       0 |      36 |   0.0 |       0 |      12 |   0.0 |   783
           D:2 |       0 |      71 |   0.0 |       0 |      23 |   0.0 |   536
           D:3 |       0 |     271 |   0.0 |       0 |      38 |   0.0 |   764
           D:4 |       0 |     265 |   0.0 |       0 |      12 |   0.0 |   576
           D:5 |       0 |     375 |   0.0 |       0 |      12 |   0.0 |   704
           D:6 |       0 |    1341 |   0.0 |       0 |      27 |   0.0 |   797
           D:7 |       0 |     595 |   0.0 |       0 |       8 |   0.0 |   547
           D:8 |       0 |    1553 |   0.0 |       0 |      15 |   0.0 |  1305
           D:9 |       0 |    6655 |   0.0 |       0 |      68 |   0.0 |  1393
          D:10 |       0 |    4044 |   0.0 |       0 |      34 |   0.0 |  1190
          D:11 |       0 |    7672 |   0.0 |       0 |      42 |   0.0 |  1271
          D:12 |       0 |    9282 |   0.0 |       0 |      48 |   0.0 |  1000
          D:13 |       0 |    8578 |   0.0 |       0 |      26 |   0.0 |  1175
          D:14 |       0 |    7997 |   0.0 |       0 |      23 |   0.0 |  1164
          D:15 |       0 |   23913 |   0.0 |       0 |      48 |   0.0 |  1410
        Lair:1 |       0 |    5520 |   0.0 |       0 |      22 |   0.0 |  1019
        Lair:2 |       0 |    2983 |   0.0 |       0 |      12 |   0.0 |   865
        Lair:3 |       0 |    6525 |   0.0 |       0 |      25 |   0.0 |   898
        Lair:4 |       0 |    8735 |   0.0 |       0 |      32 |   0.0 |  1293
        Lair:5 |       0 |    6966 |   0.0 |       0 |      19 |   0.0 |   996
        Lair:6 |       0 |   18474 |   0.0 |       0 |      47 |   0.0 |  1356
       Swamp:1 |       0 |    8177 |   0.0 |       0 |      19 |   0.0 |   838
       Swamp:2 |       0 |   13111 |   0.0 |       0 |      36 |   0.0 |   929
       Swamp:3 |       0 |   11691 |   0.0 |       0 |      26 |   0.0 |   792
       Swamp:4 |       0 |   36523 |   0.0 |       0 |      66 |   0.0 |  1275
       Snake:1 |       0 |   24635 |   0.0 |       0 |      44 |   0.0 |  1237
       Snake:2 |       0 |    6893 |   0.0 |       0 |      13 |   0.0 |   654
       Snake:3 |       0 |   21733 |   0.0 |       0 |      37 |   0.0 |   691
       Snake:4 |       0 |   46735 |   0.0 |       0 |      95 |   0.0 |  1454
         Orc:1 |       0 |    2854 |   0.0 |       0 |      37 |   0.0 |   465
         Orc:2 |       0 |    9733 |   0.0 |       0 |      53 |   0.0 |  1027
         Elf:1 |       0 |   33824 |   0.0 |       0 |      52 |   0.0 |   964
         Elf:2 |       0 |   16626 |   0.0 |       0 |      28 |   0.0 |   563
         Elf:3 |       0 |   72373 |   0.0 |       0 |      64 |   0.0 |  1069
      Vaults:1 |       0 |   65541 |   0.0 |       0 |     106 |   0.0 |  1605
      Vaults:2 |       0 |   42389 |   0.0 |       0 |      94 |   0.0 |  1457
      Vaults:3 |       0 |   70839 |   0.0 |       0 |     119 |   0.0 |  1425
      Vaults:4 |       0 |   66718 |   0.0 |       0 |      81 |   0.0 |  1262
      Vaults:5 |       0 |  161484 |   0.0 |       0 |     134 |   0.0 |  1751
      Depths:1 |       0 |   37570 |   0.0 |       0 |      53 |   0.0 |   893
      Depths:2 |       0 |   71449 |   0.0 |       0 |      84 |   0.0 |  1208
      Depths:3 |       0 |   49170 |   0.0 |       0 |      63 |   0.0 |   774
      Depths:4 |       0 |  109810 |   0.0 |       0 |     100 |   0.0 |   971
      Depths:5 |       0 |   65094 |   0.0 |       0 |      57 |   0.0 |   958
         Zot:1 |       0 |   80361 |   0.0 |       0 |      46 |   0.0 |   952
         Zot:2 |       0 |   27948 |   0.0 |       0 |      19 |   0.0 |   648
         Zot:3 |       0 |   96732 |   0.0 |       0 |      57 |   0.0 |   773
         Zot:4 |       0 |  129431 |   0.0 |       0 |      72 |   0.0 |  1475
         Zot:5 |       0 |  201154 |   0.0 |       0 |      64 |   0.0 |   939
           Lab |       0 |    3206 |   0.0 |       0 |       9 |   0.0 |   305
         IceCv |       0 |    6153 |   0.0 |       0 |      29 |   0.0 |   366
       Volcano |       0 |    5073 |   0.0 |       0 |       8 |   0.0 |   256
        WizLab |       0 |   21637 |   0.0 |       0 |      29 |   0.0 |   436
               +---------+---------+-------+---------+---------+-------+---------
